 Dungeon Crawl Stone Soup version 0.19-a0-645-gfd18b6f (console) character file.

384 FoCheiMinh the Chopper (level 7, -1/52 HPs)
             Began as a Formicid Fighter on June 15, 2016.
             Slain by a water moccasin (4 damage)
             ... on level 5 of the Dungeon.
             The game lasted 00:12:31 (3441 turns).

FoCheiMinh the Chopper (Formicid Fighter)           Turns: 3441, Time: 00:12:32

Health: -1/52      AC: 10    Str: 21    XL:     7   Next: 6%
Magic:  7/7        EV:  8    Int: 12    God:
Gold:   213        SH:  9    Dex: 12    Spells: 0 memorised, 6 levels left

rFire  . . .     SeeInvis +     a - +1 war axe
rCold  . . .     Gourm    .     b - +0 scale mail
rNeg   . . .     Faith    .     c - +0 shield
rPois  .         Spirit   .     (helmet unavailable)
rElec  .         Dismiss  .     p - +0 cloak
rCorr  .         Reflect  .     y - +0 pair of gloves
SustAt .         Harm     .     i - +0 pair of boots {Fly}
MR     +....                    (no amulet)
Stlth  +.........               n - ring of stealth
                                w - ring of protection from magic

@: brilliant, lethally poisoned (-1 -> -26), flying, somewhat resistant to
hostile enchantments, very unstealthy
A: permanent stasis, dig shafts and tunnels, four strong arms, antennae 3
a: Dig, Shaft Self, Stop Flying


You were on level 5 of the Dungeon.
You were not hungry.

You visited 2 branches of the dungeon, and saw 6 of its levels.

You collected 213 gold pieces.

Inventory:

Hand Weapons
 a - a +1 war axe (weapon)
 x - a +1 dagger of venom
 E - a +0 mace
 F - a +0 shortbow
 J - a +0 blowgun
Missiles
 e - 139 stones (quivered)
 m - 118 arrows
 H - 49 poisoned needles
 O - 37 bolts
Armour
 b - a +0 scale mail (worn)
 c - a +0 shield (worn)
 i - a +0 pair of boots of flying (worn)
 l - a +0 large shield
 p - a +0 cloak (worn)
 y - a +0 pair of gloves (worn)
 W - a +0 chain mail
Jewellery
 n - a ring of stealth (right hand)
 q - an uncursed ring of flight
 s - an uncursed ring of protection from fire
 w - a ring of protection from magic (left hand)
 B - an uncursed amulet of guardian spirit {unknown}
 G - an uncursed ring of positive energy
 M - an uncursed amulet of harm {unknown}
 T - an uncursed ring of ice
Wands
 g - a wand of confusion (20/48)
 L - a wand of disintegration (10/24)
 P - a wand of paralysis (9/24)
 Q - a wand of disintegration (15/24)
Scrolls
 j - 3 scrolls of remove curse
 k - a scroll of blinking
 u - a scroll of enchant weapon
 v - 3 scrolls of teleportation
 A - a scroll of amnesia
 I - 3 scrolls of noise
 S - 2 scrolls of identify {unknown}
 V - a scroll of fog {unknown}
Potions
 d - a potion of might
 t - a potion of brilliance
 z - a potion of haste
 C - a potion of cure mutation
 D - a potion of degeneration {unknown}
 K - a potion of heal wounds {unknown}
 N - a potion of lignification {unknown}
 R - a potion of berserk rage {unknown}
 U - a potion of agility {unknown}
Comestibles
 f - 2 bread rations
 h - 3 meat rations
 o - 2 chunks of flesh
 r - 4 beef jerkies


   Skills:
 + Level 3.4 Fighting
 * Level 6.4 Axes
 + Level 3.7 Armour
 + Level 0.8 Dodging
 + Level 4.1 Shields


You had 6 spell levels left.
You didn't know any spells.

Dungeon Overview and Level Annotations

Branches:
Dungeon (5/15)             Temple (1/1) D:4

Altars:
Ashenzari
Dithmenos
Elyvilon
Fedhas
Gozag
Hepliaklqana
Kikubaaqudgha
Makhleb
Nemelex Xobeh
Okawaru
Pakellas
Ru
Xom


Innate Abilities, Weirdness & Mutations

You are under a permanent stasis effect.
You can dig through walls and to a lower floor.
Your four strong arms can wield two-handed weapons with a shield.
You have a pair of large antennae on your head. (SInv)


Message History

The water moccasin bites you but does no damage.
The hound closely misses you. You block the water moccasin's attack.
Some of the chunks of flesh in your inventory have rotted away.
Unknown command.
It was a potion of brilliance.
You feel clever all of a sudden.
* * * LOW HITPOINT WARNING * * *
You feel very sick. The hound bites you but does no damage.
You block the water moccasin's attack. The hound barely misses you.
It was a potion of haste.
Your stasis keeps you stable.
* * * LOW HITPOINT WARNING * * *
You feel very sick. The water moccasin barely misses you.
You block the hound's attack.
The water moccasin bites you but does no damage.
It was a potion of cure mutation.
It has a very clean taste.
* * * LOW HITPOINT WARNING * * *
You feel sick. The hound bites you but does no damage.
The water moccasin bites you.
You die...

#. #### #####.. ... {..#... #..
... .# ....# .. ... .## .. #..#
#... ##. ... ..## #...#####..#
...# #.. ...#<..###.....S@...#
#..# ##.. ........##.....h....#
#..###... #...........######..#
#..##...# .#.........
##.#####..#...## #..<......#
#..........#### ##........#
##..........###.
###.........#####..####.....##..
..................##.........
........#######...>.......###


You could see a water moccasin and a hound.

Vanquished Creatures
  A centaur (D:4)
  A howler monkey (D:4)
  A crimson imp (D:5)
  An orc priest (D:5)
  A worker ant (D:5)
  3 gnolls
  9 adders
  An ooze (D:4)
  3 dart slugs
  A worm (D:2)
  2 giant geckos
  4 orcs
  4 giant cockroaches
  6 goblins
  6 hobgoblins
  5 kobolds
  A quokka (D:3)
  5 bats
  4 giant newts
  8 rats
67 creatures vanquished.

Vanquished Creatures (others)
  A lightning spire (D:2)
1 creature vanquished.

Grand Total: 68 creatures vanquished

Notes
Turn   | Place    | Note
--------------------------------------------------------------
     0 | D:1      | FoCheiMinh the Formicid Fighter began the quest for the Orb.
     0 | D:1      | Reached XP level 1. HP: 18/18 MP: 1/1
    34 | D:1      | Reached XP level 2. HP: 23/24 MP: 2/2
   111 | D:1      | Reached skill level 3 in Axes
   288 | D:1      | Reached XP level 3. HP: 29/29 MP: 3/3
   791 | D:2      | Found a white marble altar of Elyvilon.
   876 | D:2      | Found an opulent altar of Gozag.
   902 | D:2      | Reached skill level 4 in Axes
   902 | D:2      | Reached XP level 4. HP: 30/35 MP: 4/4
  1327 | D:2      | Found a faded altar of an unknown god.
  1381 | D:2      | Found an oddly glowing altar of Pakellas.
  1385 | D:2      | Noticed a gargoyle
  1582 | D:3      | Reached XP level 5. HP: 39/41 MP: 5/5
  2017 | D:3      | Found a shimmering altar of Xom.
  2146 | D:3      | Reached skill level 5 in Axes
  2415 | D:4      | Reached XP level 6. HP: 38/47 MP: 6/6
  2553 | D:4      | Reached skill level 6 in Axes
  2673 | D:4      | Found a staircase to the Ecumenical Temple.
  2684 | Temple   | Entered the Ecumenical Temple
  2703 | D:4      | Found a burning altar of Makhleb.
  2770 | D:4      | Found an iron altar of Okawaru.
  2856 | D:4      | Found a shimmering altar of Xom.
  2981 | D:5      | Entered Level 5 of the Dungeon
  3172 | D:5      | Found a blossoming altar of Fedhas.
  3268 | D:5      | Reached XP level 7. HP: 37/52 MP: 7/7
  3431 | D:5      | Noticed a water moccasin
  3441 | D:5      | Slain by a water moccasin

Vault maps used:
D:1:      tarquinn_simple_flora_water_e
D:2:      nicolae_overflow_crystal_walls,
          nicolae_gozag_cash_rules_everything_around_me,
          gammafunk_pakellas_spire_experiment, first_bread, ecumenical_altar_2,
          solitary_fountain, roderic_ancient_swastika, hangedman_decor_points
D:3:      xom_butterflies
D:4:      bloody_makhleb, marbit_many_paths, temple_hall, hex_intersection,
          grunt_ministairs_3, minmay_fountain_box, xom_teletrap_fun
D:5:      lightli_temple_of_fire, lemuel_coloured_pillars_altar,
          lemuel_crystal_altar, uniq_eustachio
Temple:   nicolae_temple_no_exploring_needed

Skill      XL: |  1  2  3  4  5  6 |
---------------+-------------------+-----
Axes           | 3 4 5 6 |  6.4
Shields        | 4 |  4.1
Fighting       | |  3.4
Armour         | |  3.7
Dodging        | |  0.8

Action                   |  1- 3 |  4- 6 |  7- 9 || total
-------------------------+-------+-------+-------++-------
Melee: War axe           |    86 |   156 |     8 ||   250
 Abil: Stop Flying       |     1 |       |       ||     1
       Evoke Flight      |     1 |       |       ||     1
  Use: Potion            |     1 |       |     3 ||     4
       Scroll            |       |     6 |       ||     6
  Eat: Chunk             |       |     8 |     1 ||     9
Armor: Scale mail        |    40 |    63 |     6 ||   109
Dodge: Dodged            |    18 |    36 |     5 ||    59
Block: Shield            |    35 |    84 |     3 ||   122
